Map: 벨시르 잔재 (공허)

Players

MaNa

  • Race: Protoss Protoss
  • Spawn Location: 5:00

GuMiho - Winner!

  • Race: Terran Terran
  • Spawn Location: 11:00

Event: IEM XI Katowice - World Championship 2017

VOD

Have the link to the VOD?

Description

Time

  • Played on: March 3, 2017, 7:21 a.m.
  • Length: 7:30

All games in this series

Show
View Real Time Build Order
Export as new Build Order

MaNa Protoss 

Build Orders:  

Get SALT Encoding   

  12  0:00  Probe (Chrono Boost)  
  13  0:11  Probe (Chrono Boost)  
  14  0:17  Pylon  
  14  0:21  Probe (Chrono Boost)  
  15  0:35  Probe (Chrono Boost)  
  16  0:36  Gateway  
  16  0:42  Assimilator  
  16  0:46  Probe (Chrono Boost)  
  17  0:52  Assimilator  
  17  0:56  Probe (Chrono Boost)  
  18  1:07  Probe (Chrono Boost)  
  18  1:08  Gateway  
  19  1:17  Probe (Chrono Boost)  
  20  1:24  Cybernetics Core  
  20  1:28  Probe (Chrono Boost)  
  20  1:32  Pylon  
  21  1:38  Probe (Chrono Boost)  
  22  1:49  Probe (Chrono Boost)  
  22  1:50  Pylon  
  22  2:01  Mothership Core (Chrono Boost)  
  24  2:02  Stalker  
  26  2:09  Stalker  
  28  2:25  Pylon  
  28  2:32  Stalker  
  30  2:48  Stalker  
  32  2:59  Pylon  
  32  3:04  Stalker  
  34  3:11  Pylon  
  35  3:13  Probe (Chrono Boost)  
  35  3:30  Warp Gate, Robotics Facility  
  35  3:33  Gateway  
  35  3:40  Stalker  
  37  3:43  Stalker  
  39  3:50  Pylon  
  38  4:03  Probe (Chrono Boost)  
  38  4:14  Immortal  
  42  4:27  Stalker  
  42  4:29  Stalker  
  46  4:37  Stalker  
  48  4:46  Pylon  
  48  4:50  Warp Prism  
  46  5:08  Pylon  
  46  5:23  Observer  
  39  5:39  Stalker  
  39  5:46  Stalker x3  
  41  5:58  Observer  
  40  6:23  Immortal  
  29  6:48  Stalker x2  
  29  6:50  Stalker  
  21  7:17  Adept  
Show
View Real Time Build Order
Export as new Build Order

GuMiho Terran - Winner!

Build Orders: 1/1/1, Cyclone Opening 

Get SALT Encoding   

  12  0:00  SCV  
  13  0:12  SCV  
  14  0:19  Supply Depot  
  14  0:25  SCV  
  15  0:41  SCV  
  15  0:42  Barracks  
  16  0:46  Refinery  
  16  0:53  SCV  
  16  0:55  Refinery  
  17  1:05  SCV  
  18  1:17  SCV  
  19  1:29  Marine  
  19  1:30  Orbital Command  
  20  1:33  Factory  
  20  1:44  Supply Depot  
  20  1:47  Barracks Reactor  
  20  1:55  SCV  
  21  2:08  SCV  
  22  2:16  Cyclone  
  22  2:20  Starport  
  25  2:23  Marine  
  25  2:24  Marine  
  27  2:32  Supply Depot  
  27  2:48  Liberator, Cyclone  
  29  2:55  SCV  
  31  3:09  Barracks  
  31  3:10  SCV  
  31  3:22  SCV  
  32  3:29  Barracks  
  32  3:31  Barracks  
  31  3:34  Liberator  
  29  3:35  SCV  
  30  3:42  Bunker  
  30  3:47  SCV  
  34  3:59  Marine  
  34  4:00  SCV  
  36  4:10  Supply Depot  
  36  4:19  Marine  
  37  4:31  Widow Mine  
  38  4:35  Supply Depot  
  41  4:39  Barracks Tech Lab  
  41  4:41  Marine  
  41  4:42  Marine  
  41  4:44  SCV  
  41  4:57  SCV  
  41  4:59  Widow Mine  
  42  5:02  Supply Depot  
  44  5:11  Marine x2  
  44  5:12  Marine, Stimpack  
  47  5:19  Supply Depot  
  43  5:29  Marine x2  
  43  5:30  Medivac  
  43  5:32  Supply Depot  
  43  5:33  Marine  
  43  5:35  Supply Depot  
  47  5:39  SCV  
  47  5:47  Marine x2  
  48  5:51  Marauder  
  47  6:09  SCV  
  48  6:13  Marauder  
  48  6:22  Marine  
  42  6:31  Marine  
  40  6:34  Marauder  
  41  6:40  Marine, SCV  
  37  6:50  Widow Mine  
  37  6:52  SCV  
  40  6:55  Marine  
  41  7:07  Barracks Reactor x2  
  40  7:09  SCV  

Tags
 
Add a new tag
Caveats
  • Supply blocks, unpowered buildings, or Contaminate may cause inaccurate times.
  • Supply counts are checked every 10 seconds.